 Dungeon Crawl Stone Soup version 0.24.0-37-gcf1ca852f1 (webtiles) character file.

Game seed: 17980477825748033853, levelgen mode: deterministic

317 FishyPogo the Charmwright (level 6, -1/76 HPs)
             Began as a Gnoll Skald on Dec 1, 2019.
             Was a Follower of Vehumet.
             Slain by an orc (4 damage)
             ... on level 5 of the Dungeon.
             The game lasted 00:14:03 (3109 turns).

FishyPogo the Charmwright (Gnoll Skald)             Turns: 3109, Time: 00:14:03

Health: -1/76      AC:  6    Str: 28    XL:     6   Next: 44%
Magic:  5/5        EV: 15    Int: 15    God:    Vehumet [*.....]
Gold:   230        SH:  0    Dex: 17    Spells: 3/15 levels left

rFire    + . .     SeeInvis .   a - +3 dagger "Kousm" {flame, MP-9 Str+8}
rCold    + . .     Gourm    .   (no shield)
rNeg     . . .     Faith    .   A - +0 leather armour
rPois    +         Spirit   .   (no helmet)
rElec    +         Reflect  .   u - +0 cloak
rCorr    +         Harm     .   y - +1 pair of gloves (curse)
MR       .....                  (no boots)
Stlth    ..........             (no amulet)
HPRegen  0.22/turn              v - +2 ring of strength
MPRegen  0.09/turn              (no ring)

@: berserking, resistant, very quick
A: distributed training, fangs 1, strong nose
a: Renounce Religion


You were on level 5 of the Dungeon.
You worshipped Vehumet.
Vehumet was aware of your devotion.
You were hungry.

You visited 1 branch of the dungeon, and saw 5 of its levels.

You collected 230 gold pieces.

Inventory:

Hand Weapons
 a - the +3 dagger "Kousm" (weapon) {flame, MP-9 Str+8}
   (You found it on level 4 of the Dungeon)

   It has been specially enchanted to burn those struck by it, causing extra
   injury to most foes and up to half again as much damage against particularly
   susceptible opponents.
   It affects your strength (+8).
   It affects your magic capacity (-9).
 b - a +0 falchion
Missiles
 e - 7 javelins
 j - 157 stones
 m - 9 poisoned darts (quivered)
Armour
 u - a +0 cloak (worn)
 y - a cursed +1 pair of gloves (worn)
 A - a +0 leather armour (worn)
Jewellery
 v - a +2 ring of strength (left hand)
Scrolls
 f - a scroll of immolation {unknown}
 g - 2 scrolls of fear {unknown}
 h - 2 scrolls of identify {unknown}
 o - a scroll of remove curse {unknown}
 w - a scroll of blinking {unknown}
Potions
 c - a potion of magic
 n - a potion of heal wounds {unknown}
 q - a potion of haste {unknown}
 r - 2 potions of flight {unknown}
 t - 2 potions of lignification {unknown}
Comestibles
 d - 10 rations


   Skills:
 + Level 5.0 Fighting
 + Level 1.9 Short Blades
 + Level 5.0 Long Blades
 + Level 1.9 Axes
 + Level 1.9 Maces & Flails
 + Level 1.9 Polearms
 + Level 1.9 Staves
 + Level 1.9 Slings
 + Level 1.9 Bows
 + Level 1.9 Crossbows
 + Level 1.9 Throwing
 + Level 3.2 Armour
 + Level 5.0 Dodging
 + Level 1.9 Stealth
 + Level 1.9 Shields
 + Level 1.9 Unarmed Combat
 + Level 5.3 Spellcasting
 + Level 1.5 Conjurations
 + Level 1.5 Hexes
 + Level 5.6 Charms
 + Level 1.5 Summonings
 + Level 1.5 Necromancy
 + Level 1.5 Translocations
 + Level 1.5 Transmutations
 + Level 1.5 Fire Magic
 + Level 1.5 Ice Magic
 + Level 1.5 Air Magic
 + Level 1.5 Earth Magic
 + Level 1.5 Poison Magic
 + Level 2.1 Invocations
 + Level 1.9 Evocations


You had 3 spell levels left.
You knew the following spells:

 Your Spells              Type           Power        Failure   Level  Hunger
a - Sandblast             Erth           #.....       10%         1    None
h - Regeneration          Chrm/Necr      ##........   12%         3    ###....
n - Spectral Weapon       Hex/Chrm       ##......     12%         3    ###....
p - Shroud of Golubria    Chrm/Tloc      ##....       6%          2    #......
u - Song of Slaying       Chrm           ###.....     2%          2    #......
y - Infusion              Chrm           ###.         1%          1    None

Your spell library contained the following spells:

 Spells                   Type           Power        Failure   Level  Hunger


Dungeon Overview and Level Annotations

Branches:
Dungeon (5/15)
 Temple: D:4-7

Altars:
Sif Muna
Vehumet


Innate Abilities, Weirdness & Mutations

Your experience applies equally to all skills.
You have very sharp teeth.
Your uncanny sense of smell can sniff out nearby items.


Message History

The orc warrior hits your spectral weapon with a +0 hand axe.
Your spectral weapon shares its damage with you!
* * * LOW HITPOINT WARNING * * *
The orc closely misses you. The orc hits you but does no damage.
You see here a +0 falchion.
You closely miss the orc. You bite the orc.
The orc is heavily wounded.
You barely miss the orc.
The orc is heavily wounded.
Your spectral weapon barely misses the orc.
The orc warrior hits your spectral weapon with a +0 hand axe!!
Your spectral weapon shares its damage with you!
Your spectral weapon fades away.
* * * LOW HITPOINT WARNING * * *
The orc barely misses you. The orc hits you but does no damage.
You hit the orc. You burn the orc.
You kill the orc!
Vehumet accepts your kill. The orc hits you.
You die...

#+# ##:##
##...## ∆
##.....##
...8...
#...#
#...#
#@o.#
#)o.#
#...#
...8...
##.....##
##...##
##.## #+#


You could see an orc warrior and an orc.

Vanquished Creatures
  A phantom (D:4)
  A hound (D:4)
  A worker ant (D:4)
  2 hound skeletons (D:4)
  Robin (D:4)
  4 adders
  An ooze (D:4)
  5 worms
  A dart slug (D:4)
  4 leopard geckos
  6 orcs
  2 ball pythons
  6 bats
  7 giant cockroaches
  12 goblins
  10 hobgoblins
  A quokka (D:2)
  A ball python skeleton (D:2)
  5 frilled lizards
  4 kobolds
  A quokka skeleton (D:4)
  6 rats
82 creatures vanquished.

Vanquished Creatures (others)
  A spectral weapon (D:5)
1 creature vanquished.

Grand Total: 83 creatures vanquished

Notes
Turn   | Place    | Note
-------+----------+-------------------------------------------
     0 | D:1      | FishyPogo the Gnoll Skald began the quest for the Orb.
     0 | D:1      | Reached XP level 1. HP: 20/20 MP: 6/6
   129 | D:1      | Reached XP level 2. HP: 20/26 MP: 7/7
   143 | D:1      | Learned a level 2 spell: Song of Slaying
   146 | D:1      | Learned a level 2 spell: Shroud of Golubria
   712 | D:2      | Reached XP level 3. HP: 25/31 MP: 9/9
   717 | D:2      | Learned a level 3 spell: Regeneration
   721 | D:2      | Learned a level 3 spell: Spectral Weapon
   736 | D:2      | Reached skill level 5 in Spellcasting
   871 | D:2      | Reached skill level 1 in Invocations
   982 | D:2      | Found a radiant altar of Vehumet.
   997 | D:2      | Became a worshipper of Vehumet
  1150 | D:2      | Reached skill level 1 in Short Blades
  1150 | D:2      | Reached skill level 1 in Axes
  1150 | D:2      | Reached skill level 1 in Maces & Flails
  1150 | D:2      | Reached skill level 1 in Polearms
  1150 | D:2      | Reached skill level 1 in Staves
  1150 | D:2      | Reached skill level 1 in Slings
  1150 | D:2      | Reached skill level 1 in Bows
  1150 | D:2      | Reached skill level 1 in Crossbows
  1150 | D:2      | Reached skill level 1 in Throwing
  1150 | D:2      | Reached skill level 1 in Stealth
  1150 | D:2      | Reached skill level 1 in Shields
  1150 | D:2      | Reached skill level 1 in Unarmed Combat
  1150 | D:2      | Reached skill level 1 in Evocations
  1348 | D:2      | Reached XP level 4. HP: 37/38 MP: 8/11
  1780 | D:3      | Reached skill level 1 in Conjurations
  1780 | D:3      | Reached skill level 1 in Hexes
  1780 | D:3      | Reached skill level 1 in Summonings
  1780 | D:3      | Reached skill level 1 in Necromancy
  1780 | D:3      | Reached skill level 1 in Translocations
  1780 | D:3      | Reached skill level 1 in Transmutations
  1780 | D:3      | Reached skill level 1 in Fire Magic
  1780 | D:3      | Reached skill level 1 in Ice Magic
  1780 | D:3      | Reached skill level 1 in Air Magic
  1780 | D:3      | Reached skill level 1 in Earth Magic
  1780 | D:3      | Reached skill level 1 in Poison Magic
  1917 | D:3      | Found a shimmering blue altar of Sif Muna.
  2240 | D:4      | Reached XP level 5. HP: 41/43 MP: 6/12
  2339 | D:4      | Noticed a phantom
  2366 | D:4      | Killed a phantom
  2433 | D:4      | Reached XP level 6. HP: 43/50 MP: 8/13
  2460 | D:4      | Noticed Robin
  2491 | D:4      | Reached * piety under Vehumet
  2491 | D:4      | Offered knowledge of Sandblast by Vehumet.
  2494 | D:4      | Killed Robin
  2501 | D:4      | Learned a level 1 spell: Sandblast
  2564 | D:4      | Got a slimy dagger
  2570 | D:4      | Identified the +3 dagger "Kousm" {flame, MP-9 Str+8} (You
                  | found it on level 4 of the Dungeon)
  2746 | D:4      | Reached skill level 5 in Fighting
  2746 | D:4      | Reached skill level 5 in Long Blades
  2746 | D:4      | Reached skill level 5 in Dodging
  3065 | D:5      | Entered Level 5 of the Dungeon
  3095 | D:5      | Noticed an orc warrior
  3108 | D:5      | HP: 3/76 [orc warrior/+0 hand axe (3)]
  3109 | D:5      | Slain by an orc

Levels and vault maps discovered:
D:1:      denvon_arrival_waterhouse, layout_basic, minivault_26
D:2:      layout_basic, lemuel_doored_altar, first_ration,
          chequers_serial_rivers_micro_b
D:3:      layout_loops_ring, overflow_temple_1_default
D:4:      layout_basic, patterned_corridor, uniq_robin
D:5:      kennysheep_six_static_rooms, layout_basic, minmay_temple_entry_tees,
          gup_ossuary_entry_pyramid, grunt_ministairs_15, fedhas_altar_3,
          uniq_edmund, uniq_blork_the_orc

Skill      XL: |  1  2  3  4  5  6 |
---------------+-------------------+-----
Spellcasting   | 5 |  5.3
Invocations    | 1 2 |  2.1
Short Blades   | 1 |  1.9
Axes           | 1 |  1.9
Maces & Flails | 1 |  1.9
Polearms       | 1 |  1.9
Staves         | 1 |  1.9
Slings         | 1 |  1.9
Bows           | 1 |  1.9
Crossbows      | 1 |  1.9
Throwing       | 1 |  1.9
Stealth        | 1 |  1.9
Shields        | 1 |  1.9
Unarmed Combat | 1 |  1.9
Evocations     | 1 |  1.9
Conjurations   | 1 |  1.5
Hexes          | 1 |  1.5
Summonings     | 1 |  1.5
Necromancy     | 1 |  1.5
Translocations | 1 |  1.5
Transmutations | 1 |  1.5
Fire Magic     | 1 |  1.5
Ice Magic      | 1 |  1.5
Air Magic      | 1 |  1.5
Earth Magic    | 1 |  1.5
Poison Magic   | 1 |  1.5
Armour         | 3 |  3.2
Fighting       | 5 |  5.0
Long Blades    | 5 |  5.0
Dodging        | 5 |  5.0
Charms         | |  5.6

Action                   |  1- 3 |  4- 6 || total
-------------------------+-------+-------++-------
Melee: Falchion          |    83 |   111 ||   194
       Bite              |     6 |    20 ||    26
       Punch             |     1 |       ||     1
       Dagger            |       |    17 ||    17
Throw: Javelin           |     2 |     2 ||     4
       Stone             |       |     3 ||     3
       Dart              |       |     1 ||     1
 Cast: Infusion          |     3 |     3 ||     6
       Song of Slaying   |     8 |     5 ||    13
       Shroud of Golubri |     2 |     8 ||    10
       Spectral Weapon   |     1 |    10 ||    11
       Regeneration      |     1 |       ||     1
  Use: Scroll            |       |     4 ||     4
       Potion            |       |     3 ||     3
 Stab: Sleeping          |       |     7 ||     7
       Distracted        |       |     1 ||     1
  Eat: Chunk             |     2 |     6 ||     8
Armor: Leather armour    |    20 |    12 ||    32
Dodge: Dodged            |    53 |    71 ||   124
       Rpst.: Falchion   |    21 |    20 ||    41
